 Dungeon Crawl Stone Soup version 0.20.1-1-g8b1a95d (webtiles) character file.

728 vatarom the Insei (level 7, -9/52 HPs)
             Began as a Demonspawn Transmuter on Sept 21, 2017.
             Killed from afar by Dowan (13 damage)
             ... with a stone arrow
             ... on level 4 of the Dungeon.
             The game lasted 00:08:40 (2899 turns).

vatarom the Insei (Demonspawn Transmuter)           Turns: 2899, Time: 00:08:41

Health: -9/52      AC:  5    Str: 10    XL:     7   Next: 44%
Magic:  8/10       EV: 14    Int: 15    God:
Gold:   108        SH:  0    Dex: 15    Spells: 0/10 levels left

rFire    . . .     SeeInvis .     - Unarmed
rCold    . . .     Gourm    .   (no shield)
rNeg     . . .     Faith    .   b - +0 robe
rPois    .         Spirit   .   (no helmet)
rElec    .         Reflect  .   p - +0 cloak {MR+}
rCorr    .         Harm     .   (no gloves)
MR       +....                  (no boots)
Stlth    +.........             (no amulet)
Regen    0.2/turn               (no ring)
MPRegen  0.2/turn               f - ring of wizardry

@: no status effects
A: claws 1, iridescent scales 1, demonic guardian 1
a: no special abilities


You were on level 4 of the Dungeon.
You were not hungry.

You visited 1 branch of the dungeon, and saw 4 of its levels.

You collected 108 gold pieces.

Inventory:

Missiles
 a - 12 arrows
Armour
 b - a +0 robe (worn)
 p - a +0 cloak of magic resistance (worn)
Jewellery
 f - a ring of wizardry (right claw)
Wands
 q - a wand of polymorph (7/24)
Scrolls
 e - 3 scrolls of identify
 k - a scroll of magic mapping
 n - 2 scrolls of recharging
Potions
 g - 3 potions of curing
 j - a potion of degeneration {unknown}
 o - 2 potions of flight
Books
 c - a book of Changes

   Spells                             Type                      Level
   a - Beastly Appendage              Transmutation                1
   b - Sticks to Snakes               Transmutation                2
   c - Spider Form                    Transmutation/Poison         3
   d - Ice Form                       Ice/Transmutation            4
   e - Blade Hands                    Transmutation                5
Comestibles
 d - 2 bread rations
 h - 6 fruits
 i - a royal jelly
 l - 2 chunks of flesh
 m - 2 meat rations


   Skills:
 + Level 3.4 Fighting
 + Level 3.9 Dodging
 * Level 5.6 Unarmed Combat
 - Level 2.0 Spellcasting
 + Level 3.3 Transmutations


You couldn't memorise any spells.
You knew the following spells:

 Your Spells              Type           Power        Failure   Level  Hunger
a - Beastly Appendage     Tmut           ##....       2%          1    #......
b - Sticks to Snakes      Tmut           ##......     3%          2    ###....
c - Spider Form           Tmut/Pois      #.........   13%         3    ###....
d - Ice Form              Ice/Tmut       #.......     38%         4    #####..


Dungeon Overview and Level Annotations

Branches:
Dungeon (4/15)             Temple (0/1) D:4

Altars:
Makhleb
Trog
Uskayaw
Vehumet
The Shining One

Annotations:
D:4 Dowan, Eustachio


Innate Abilities, Weirdness & Mutations

You have sharp fingernails.
You are partially covered in iridescent scales. (AC +2)
A weak demonic guardian rushes to your aid.


Message History

Eustachio gestures wildly while chanting.
Unknown command.
Your shadow imp hits the iron imp but does no damage.
Dowan hits you with a dagger.
* * * LOW HITPOINT WARNING * * *
The iron imp hits your shadow imp! The rat closely misses you.
Unknown command.
Eustachio mumbles some strange words.
Eustachio blinks!
Dowan gestures at you while chanting. The shard of ice misses you.
Your shadow imp closely misses the iron imp.
You see here 26 stones.
Your transformation has ended.
Your +0 cloak of magic resistance unmelds from your body.
Your +0 robe unmelds from your body.
You feel resistant to hostile enchantments.
Dowan gestures at you while chanting. The stone arrow hits you!
You die...

***,***,,,,,*,* *,* *,,*
**,,*****,***,* *.# **,*
,,,,,,,,,,* *,* #.# #.*
**,**********,#*#.# #.##*** *,*
*****,,.##.# #...,,, *,*
*,,,,,,,...# #..#*** *,*
*,***>,,#..# #..# **,* *,*
**,*#..# #..# *,,*****,** *,*#@.#
#..#
*,,,,,,,,,###.##.(#########..####
*,,*,*,,,,.....@.er5.5...##......
**,,,,,,,,..####...55............
*,*,*,,,,,** #.#######.........
*,,,,,,,,** #.# ####.#.#.#
**,,,,,,** #.# #...... ******,*
#.# ####### *,******#.*


You could see Eustachio, Dowan, an iron imp, a shadow imp, a rat and a friendly
shadow imp.

Vanquished Creatures
  Sigmund (D:3)
  Duvessa (D:4)
  A sky beast (D:4)
  A howler monkey (D:4)
  An orc priest (D:3)
  A hound (D:4)
  2 iguanas (D:4)
  An orc wizard (D:3)
  Terence (D:2)
  9 adders
  An ooze (D:1)
  2 worms
  4 dart slugs
  2 leopard geckos
  5 orcs (D:3)
  8 giant cockroaches
  3 goblins
  6 hobgoblins
  3 jackals (D:2)
  5 kobolds
  A quokka (D:4)
  2 ball pythons
  5 bats
  4 frilled lizards
  7 rats
77 creatures vanquished.

Vanquished Creatures (collateral kills)
  A phantom (D:4)
  The ghost of Chisa the Chopper, an amateur HOFi (D:3)
  Crazy Yiuf (D:2)
  A dart slug (D:3)
  A giant cockroach (D:3)
  A frilled lizard (D:3)
6 creatures vanquished.

Vanquished Creatures (others)
  An orc (D:3)
1 creature vanquished.

Grand Total: 84 creatures vanquished

Notes
Turn   | Place    | Note
-------+----------+-------------------------------------------
     0 | D:1      | vatarom the Demonspawn Transmuter began the quest for the Orb.
     0 | D:1      | Reached XP level 1. HP: 15/15 MP: 3/3
   164 | D:1      | Gained mutation: You are partially covered in iridescent scales. (AC +2) [demonic ancestry]
   164 | D:1      | Reached XP level 2. HP: 18/21 MP: 3/5
   292 | D:1      | Learned a level 2 spell: Sticks to Snakes
   327 | D:1      | Reached skill level 3 in Unarmed Combat
   540 | D:1      | Gained mutation: A weak demonic guardian rushes to your aid. [demonic ancestry]
   540 | D:1      | Reached XP level 3. HP: 23/26 MP: 4/6
   548 | D:1      | Learned a level 3 spell: Spider Form
   843 | D:2      | Found a runed door.
   899 | D:2      | Noticed Terence
   910 | D:2      | Killed Terence
   910 | D:2      | Reached XP level 4. HP: 31/33 MP: 3/7
   970 | D:2      | Found a bloodstained altar of Trog.
   970 | D:2      | Found a hide-covered altar of Uskayaw.
  1306 | D:2      | Noticed Crazy Yiuf
  1313 | D:2      | Killed Crazy Yiuf
  1313 | D:2      | Reached skill level 4 in Unarmed Combat
  1430 | D:3      | Gained mutation: You have sharp fingernails. [demonic ancestry]
  1430 | D:3      | Reached XP level 5. HP: 38/38 MP: 6/8
  1442 | D:3      | Noticed Chisa's ghost (amateur HOFi)
  1572 | D:3      | Found a radiant altar of Vehumet.
  1646 | D:3      | Killed Chisa's ghost
  1646 | D:3      | Reached XP level 6. HP: 17/46 MP: 5/9
  1850 | D:3      | Found a glowing golden altar of the Shining One.
  2024 | D:3      | Noticed Sigmund
  2057 | D:3      | Killed Sigmund
  2057 | D:3      | Reached skill level 5 in Unarmed Combat
  2222 | D:3      | Found a burning altar of Makhleb.
  2448 | D:4      | Noticed a sky beast
  2456 | D:4      | Killed a sky beast
  2527 | D:4      | Reached XP level 7. HP: 50/52 MP: 6/10
  2676 | D:4      | Learned a level 4 spell: Ice Form
  2881 | D:4      | Noticed Duvessa
  2885 | D:4      | Noticed Eustachio
  2888 | D:4      | Noticed Dowan
  2893 | D:4      | Killed Duvessa
  2899 | D:4      | Killed from afar by Dowan

Skill      XL: |  1  2  3  4  5  6 |
---------------+-------------------+-----
Dodging        | 2 3 |  3.9
Unarmed Combat | 3 4 5 |  5.6
Fighting       | 2 3 |  3.4
Transmutations | 2 3 |  3.3
Spellcasting   | |  2.0

Action                   |  1- 3 |  4- 6 |  7- 9 || total
-------------------------+-------+-------+-------++-------
Melee: Unarmed           |    84 |   110 |    31 ||   225
       Headbutt          |     6 |     6 |     1 ||    13
       Kick              |     2 |     1 |       ||     3
       Punch             |     1 |       |       ||     1
 Cast: Beastly Appendage |    11 |    10 |     1 ||    22
       Spider Form       |     4 |    10 |     3 ||    17
  Use: Scroll            |     3 |     5 |       ||     8
       Potion            |       |     1 |     2 ||     3
 Stab: Sleeping          |       |     4 |       ||     4
       Distracted        |       |     1 |       ||     1
  Eat: Chunk             |     1 |     6 |     1 ||     8
       Fruit             |       |     1 |       ||     1
Armor: Robe              |    14 |    15 |     1 ||    30
       Skin              |     1 |       |     1 ||     2
Dodge: Dodged            |    78 |    74 |    17 ||   169
